 Dungeon Crawl Stone Soup version 0.30.2 (webtiles) character file.

Game seed: 6673404766085151624

43 porpoise the Firebug (level 3, 0/19 HPs)
             Began as a Gargoyle Fire Elementalist on Feb 10, 2024.
             Slain by Sigmund
             ... wielding a +0 scythe
              (2 damage)
             ... on level 3 of the Dungeon.
             The game lasted 00:06:18 (1842 turns).

porpoise the Firebug (Gargoyle Fire Elementalist)   Turns: 1842, Time: 00:06:19

Health: 0/19       AC:  5    Str: 11    XL:     3   Next: 58%
Magic:  0/6        EV: 11    Int: 17    God:
Gold:   160        SH:  0    Dex: 10    Spells: 1/7 levels left

rFire   . . .        a - +0 trident
rCold   . . .        (no shield)
rNeg    + . .        f - +0 robe
rPois   ∞            (no helmet)
rElec   +            (no cloak)
rCorr   .            (no gloves)
SInv    .            (no boots)
Will    .....        (no amulet)
Stlth   ++           (no ring)
HPRegen 0.23/turn    (no ring)
MPRegen 0.10/turn

%: no passive effects
@: no status effects
A: sickness immunity, AC +3, negative energy resistance 1, electricity
resistance, torment resistance 1, petrification resistance
a: no special abilities


You were on level 3 of the Dungeon.
You visited 1 branch of the dungeon, and saw 3 of its levels.

You collected 160 gold pieces.

Inventory:

Hand Weapons
 a - a +0 trident (weapon)
 m - a +2 long sword of holy wrath
Armour
 f - a +0 robe (worn)
 g - a +2 kite shield
Jewellery
 e - a ring of positive energy
Scrolls
 c - a scroll of teleportation
 d - a scroll of identify {unknown}
 h - a scroll of fear {unknown}
 i - a scroll of enchant armour {unknown}
 l - a scroll of magic mapping {unknown}
Potions
 b - a potion of magic
 j - a potion of flight {unknown}
 k - a potion of lignification {unknown}
 n - a potion of heal wounds {unknown}


   Skills:
 - Level 1.5 Dodging
 - Level 2.1 Stealth
 + Level 2.6 Spellcasting
 + Level 2.2 Conjurations
 + Level 3.5 Fire Magic


You had one spell level left.
You knew the following spells:

 Your Spells              Type           Power      Damage    Failure   Level
a - Foxfire               Conj/Fire      48%        2x1d6     5%          1
b - Scorch                Fire           28%        2d6       6%          2
c - Volatile Blastmotes   Fire/Tloc      16%        2d11      26%         3

Your spell library contained the following spells:

 Spells                   Type           Power      Damage    Failure   Level
 Inner Flame              Hex/Fire       8%         N/A       26%         3
 Flame Wave               Conj/Fire      12%        2d6       50%         4
 Irradiate                Conj/Tmut      3%         3d12      97%         5
 Blade Hands              Tmut           1%         N/A       99%         5
 Dragon Form              Tmut           1%         N/A       100%        7


Dungeon Overview and Level Annotations

Branches:
Dungeon (3/15)

Altars:

Annotations:
D:3 Sigmund


Innate Abilities, Weirdness & Mutations

You are immune to sickness and miasma.
Your stone body is resilient. (AC +3)
You are immune to poison.
You resist negative energy. (rN+)
You are resistant to electric shocks. (rElec)
You are resistant to unholy torment.
You are immune to petrification.


Message History

Your foxfire dissipates!
The ball python attacks as you move away!
The ball python barely misses you. The ball python misses you.
The ball python attacks as you move away!
The ball python bites you. The ball python closely misses you.
The ball python grabs you. The ball python constricts you.
You escape the ball python's grasp.
You barely miss the ball python.
The ball python bites you but does no damage.
The ball python barely misses you.
Casting: Foxfire (safe; 5% risk of failure)
Confirm with . or Enter, or press ? or * to list all spells.
Flames lash something.
The ball python bites you but does no damage.
The ball python misses you.
The ball python bites you but does no damage.
The ball python closely misses you.
Casting: Scorch (safe; 6% risk of failure)
Confirm with . or Enter, or press ? or * to list all spells.
You don't know that spell.
Casting: Scorch (safe; 6% risk of failure)
Confirm with . or Enter, or press ? or * to list all spells.
Flames lash something but do no damage.
The ball python bites you. The ball python barely misses you.
Something hits you!
* * * LOW HITPOINT WARNING * * *
Unknown command.
Casting: Scorch (safe; 6% risk of failure)
Confirm with . or Enter, or press ? or * to list all spells.
You don't have enough magic to cast this spell.
Casting: Scorch (safe; 6% risk of failure)
Confirm with . or Enter, or press ? or * to list all spells.
You conjure some foxfire!
The ball python bites you but does no damage.
The ball python closely misses you.
You hit the ball python but do no damage.
The foxfire hits the ball python.
You kill the ball python!
The foxfire hits something but does no damage.
Something hits you.
You die...

#...# ....# #.# ....# #.###
....# ##...#### ....#
##.......## ....
##.........## .).
#...........#
.)##############§§.........#
..............{.@..........#
#################)........##
##...#...## #########


There were no monsters in sight!

Vanquished Creatures
  3 dart slugs
  An endoplasm (D:2)
  A giant cockroach (D:2)
  3 goblins
  5 hobgoblins (D:1)
  2 jackals (D:1)
  A quokka (D:2)
  7 ball pythons
  3 bats
  A frilled lizard (D:2)
  5 kobolds
  4 rats
36 creatures vanquished.

Vanquished Creatures (others)
  75 foxfires
75 creatures vanquished.

Grand Total: 111 creatures vanquished

Notes
Turn   | Place    | Note
-------+----------+-------------------------------------------
     0 | D:1      | porpoise the Gargoyle Fire Elementalist began the quest for
                  | the Orb.
     0 | D:1      | Reached XP level 1. HP: 10/10 MP: 3/3
   284 | D:1      | Reached XP level 2. HP: 15/15 MP: 1/5
   327 | D:1      | Learned a level 2 spell: Scorch
  1031 | D:2      | Reached XP level 3. HP: 19/19 MP: 3/6
  1187 | D:2      | Learned a level 3 spell: Volatile Blastmotes
  1819 | D:3      | Noticed Sigmund
  1842 | D:3      | Slain by Sigmund

Illustrated notes

Levels and vault maps discovered:
D:1:      dpeg_arrival_three_same_balls, layout_loops_ring, st_stairs_3,
          chequers_serial_rivers_small_b
D:2:      layout_loops_cross
D:3:      layout_rooms, serial_glass, glass_columns_c, glass_columns_b,
          kennysheep_generic_room_14, uniq_natasha, uniq_sigmund

Skill      XL: |  1  2 |
---------------+-------+-----
Conjurations   | 2 |  2.2
Dodging        | |  1.5
Stealth        | |  2.1
Spellcasting   | |  2.6
Fire Magic     | |  3.5

Action                     || total
---------------------------++-------
  Melee: Unarmed           ||    16
         Trident           ||    12
   Cast: Foxfire           ||    49
         Scorch            ||     2
    Use: Scroll            ||     1
 Armour: Robe              ||    23
  Dodge: Dodged            ||    40
